 Dungeon Crawl Stone Soup version 0.24-a0-244-ga6a6ab7d13 (webtiles) character file.

Game seed: 7292007185360853607

47 Redear the Skirmisher (level 3, 0/30 HPs)
             Began as a Vine Stalker Berserker on Apr 11, 2019.
             Was a Follower of Trog.
             Slain by a worker ant (1 damage)
             ... on level 4 of the Dungeon.
             The game lasted 00:02:37 (1145 turns).

Redear the Skirmisher (Vine Stalker Berserker)      Turns: 1145, Time: 00:02:38

Health: 0/30       AC:  2    Str: 25    XL:     3   Next: 70%
Magic:  0/4        EV: 12    Int:  7    God:    Trog [*.....]
Gold:   25         SH:  0    Dex: 13    Spells: 2/2 levels left

rFire    . . .     SeeInvis .   a - +0 falchion
rCold    . . .     Gourm    .   (no shield)
rNeg     . . .     Faith    .   b - +0 animal skin
rPois    .         Spirit   +   (no helmet)
rElec    .         Reflect  .   (no cloak)
rCorr    .         Harm     .   (no gloves)
MR       .....                  (no boots)
Stlth    ..........             (no amulet)
HPRegen  0.10/turn              (no ring)
MPRegen  0.09/turn              (no ring)

@: berserking (expiring), lethally poisoned (0 -> -3), very quick
A: fangs 2, magic shield, antimagic bite, no potion heal 3, rot immunity
a: Berserk, Renounce Religion


You were on level 4 of the Dungeon.
You worshipped Trog.
Trog was aware of your devotion.
You were hungry.

You visited 1 branch of the dungeon, and saw 3 of its levels.

You collected 25 gold pieces.

Inventory:

Hand Weapons
 a - a +0 falchion (weapon)
Armour
 b - a +0 animal skin (worn)
 j - a scarf of cloud immunity
Scrolls
 c - a scroll of enchant armour {unknown}
 d - a scroll of fog {unknown}
 e - 2 scrolls of remove curse {unknown}
 f - 3 scrolls of identify {unknown}
 k - a scroll of enchant weapon {unknown}
Potions
 g - a potion of brilliance {unknown}
 h - a potion of berserk rage {unknown}
 l - a potion of curing {unknown}
Comestibles
 z - 2 rations


   Skills:
 + Level 3.2 Fighting
 + Level 3.2 Long Blades
 - Level 1.5 Armour
 + Level 2.2 Dodging


You had 2 spell levels left.
You didn't know any spells.
Your spell library was empty.

Dungeon Overview and Level Annotations

Branches:
Dungeon (2/15)

Altars:


Innate Abilities, Weirdness & Mutations

You have extremely sharp teeth.
When hurt, damage is shared between your health and your magic reserves.
Your bite disrupts and absorbs the magic of your enemies.
Potions cannot restore your health.
You are immune to rotting.


Message History

You are poisoned.
The worker ant poisons you!
You take 1 damage, and have 5/30 hp.
MP restored: 4 You are feeling hungry.
You hit the worker ant.
The worker ant is severely wounded.
* * * LOW HITPOINT WARNING * * *
You feel sick. The worker ant completely misses you.
You take 1 damage, and have 4/30 hp.
You closely miss the worker ant.
The worker ant is severely wounded.
The worker ant bites you.
* * * LOW HITPOINT WARNING * * *
You take 3 damage, and have 1/30 hp.
You now have 1/4 mp.
You closely miss the worker ant. You bite the worker ant. You drain its power.
You feel invigorated.
The worker ant is almost dead.
The worker ant bites you.
You die...

### ##### $... #.
##...###..#
##.##.........#
.<........###.# #
#.##...@a....# #.
#.##....####.#
##.#######.##...##
#..........#.###.#
#...........## #....
#...........# ....
#.........#.## ##.#.#
#.........##.###.##.#
#.........###....##.#


You could see a worker ant.

Vanquished Creatures
  3 adders
  A dart slug (D:1)
  2 giant cockroaches (D:1)
  A goblin (D:1)
  2 hobgoblins (D:1)
  A quokka (D:2)
  3 bats
  4 kobolds (D:1)
  A quokka skeleton (D:4)
  4 rats (D:1)
22 creatures vanquished.

Notes
Turn   | Place    | Note
-------+----------+-------------------------------------------
     0 | D:1      | Redear the Vine Stalker Berserker began the quest for the
                  | Orb.
     0 | D:1      | Reached XP level 1. HP: 11/11 MP: 2/2
   343 | D:1      | Reached XP level 2. HP: 10/16 MP: 3/3
   610 | D:1      | Reached skill level 3 in Fighting
   983 | D:1      | Reached skill level 3 in Long Blades
  1031 | D:2      | Reached skill level 2 in Dodging
  1042 | D:2      | Reached XP level 3. HP: 17/20 MP: 4/4
  1049 | D:2      | You fall through a shaft for 2 floors!
  1144 | D:4      | HP: 1/30 [worker ant (3)]
  1145 | D:4      | Slain by a worker ant

Levels and vault maps discovered:
D:1:      dpeg_arrival_rooms_c, layout_basic, minmay_heptomino_o4
D:2:      layout_loops_cross, tgw_fedhas
D:4:      layout_loops_ring, zin_treasury, gup_sewer_entry_bowl, first_ration,
          minmay_shop_damaged, tgw_xom

Skill      XL: |  1  2 |
---------------+-------+-----
Fighting       | 3 |  3.2
Long Blades    | 3 |  3.2
Dodging        | 2 |  2.2
Armour         | |  1.5

Action                   || total
-------------------------++-------
Melee: Falchion          ||    52
       Bite              ||    14
Invok: Berserk           ||     2
 Stab: Sleeping          ||     1
  Eat: Chunk             ||     2
Armor: Animal skin       ||     9
Dodge: Dodged            ||    36
       Rpst.: Falchion   ||    10

Table legend:
 A = Non-vault XP
 B = Vault XP
 C = Vault XP percentage of total XP
 D = Non-vault monster count
 E = Vault monster count
 F = Vault count percentage of total count
                 A         B        C        D         E       F
            +---------+---------+-------+---------+---------+-------
      Total |      65 |       3 |   4.4 |      20 |       2 |   9.1
            +---------+---------+-------+---------+---------+-------
        D:1 |      21 |       3 |  12.5 |      13 |       2 |  13.3
        D:2 |      17 |       0 |   0.0 |       4 |       0 |   0.0
        D:4 |      27 |       0 |   0.0 |       3 |       0 |   0.0
            +---------+---------+-------+---------+---------+-------
